 Dungeon Crawl Stone Soup version 0.16-a0-1276-g18860b1 (console) character file.

281335 Surt the Bludgeoner (level 20, -1/203 (204) HPs)
             Began as an Ogre Fire Elementalist on Oct 13, 2014.
             Was the Champion of Ashenzari.
             Slain by an azure jelly (6 damage)
             ... created by the royal jelly
             ... on level 6 of the Pits of Slime on Oct 14, 2014.
             The game lasted 09:00:22 (40118 turns).

Surt the Bludgeoner (Ogre Fire Elementalist)       Turns: 40118, Time: 09:00:23

HP:   -1/203 (204)  AC: 10    Str: 19    XL:     20   Next: 50%
MP:   30/40         EV: 17    Int: 23    God:    Ashenzari [******]
Gold: 1072          SH:  0    Dex: 13    Spells: 11 memorised, 7 levels left

rFire  + . .     SeeInvis +     a - +2 great mace (protect)
rCold  + . .     Clarity  +     G - +6 mottled dragon armour (curse)
rNeg   . . .     SustAb   .     (shield restricted)
rPois  +         Gourm    .     Y - +0 hat (curse)
rElec  .         Spirit   .     R - +2 cloak (curse)
rCorr  .         Warding  .     (gloves unavailable)
rMut   .         Stasis   .     (boots unavailable)
MR     ++...                    T - cursed amulet of Graefacao {Clar rC++ Dex+1 Int-1 Slay+3}
Stlth  ++........               r - cursed ring "Smuotz Otul" {Fire rPois Dex+2}
                                E - +4 ring of protection

@: brilliant, about to teleport, corroded equipment, very slightly contaminated,
rotting, hasted, studying Bows, very quick, very resistant to hostile
enchantments, unstealthy
A: unfitting armour, horns 2, deterioration 1, tough skin 1
a: End Transfer Knowledge, Scrying, Transfer Knowledge, Renounce Religion
}: 2/15 runes: serpentine, barnacled


You were on level 6 of the Pits of Slime.
You worshipped Ashenzari.
Ashenzari was exalted by your worship.
You were not hungry.

You visited 8 branches of the dungeon, and saw 44 of its levels.
You visited 1 bazaar.
You also visited: Labyrinth, Ossuary, Bailey and Ice Cave.

You collected 4662 gold pieces.
You spent 3590 gold pieces at shops.

Inventory:

Hand weapons
 a - a +2 great mace of protection (weapon)
 b - a +7 blowgun
 c - a +5 great mace of draining
Missiles
 q - 18 large rocks (quivered)
 P - 6 curare-tipped needles
Armour
 k - a +0 cloak of poison resistance
 G - a cursed +6 mottled dragon armour (worn)
 R - a cursed +2 cloak (worn)
 Y - a cursed +0 hat (worn)
Rods
 w - a +1 rod of clouds (13/13)
   (You found it on level 3 of the Elven Halls)
Jewellery
 r - the cursed ring "Smuotz Otul" (right hand) {Fire rPois Dex+2}
   (You bought it in a shop on level 7 of the Dungeon)

   [ring of fire]

   It enhances your fire magic, and weakens your ice magic.
   It affects your dexterity (+2).
   It protects you from fire.
   It makes you vulnerable to cold.
   It protects you from poison.
   It has a curse placed upon it.
 v - an uncursed ring of sustain abilities
 x - an uncursed ring of protection from cold
 A - an uncursed ring of poison resistance
 E - a +4 ring of protection (left hand)
 J - an uncursed ring of protection from fire
 S - an uncursed ring of positive energy
 T - the cursed amulet of Graefacao (around neck) {Clar rC++ Dex+1 Int-1 Slay+3}
   (You found it on level 8 of the Lair of Beasts)

   [amulet of clarity]

   It provides mental clarity.
   It affects your intelligence (-1).
   It affects your dexterity (+1).
   It affects your accuracy and damage with ranged weapons and melee attacks
   (+3).
   It greatly protects you from cold.
   It has a curse placed upon it.
Magical devices
 e - a wand of digging (2)
 g - a wand of disintegration (7)
 j - a wand of disintegration (10)
 p - a wand of heal wounds (2)
 y - a wand of teleportation (5)
 C - a wand of hasting (3)
 Q - a wand of teleportation (2)
Scrolls
 h - 16 scrolls of identify
 L - a scroll of fog
 X - 10 scrolls of remove curse
Potions
 f - 5 potions of magic
 l - 2 potions of invisibility
 m - 13 potions of curing
 n - a potion of resistance
 t - 4 potions of cancellation
 B - a potion of haste
 H - a potion of brilliance
Books
 d - a manual of Bows
Comestibles
 o - 8 bread rations
 N - 10 meat rations


   Skills:
 - Level 13.4 Fighting
 + Level 19.9 Maces & Flails
 * Level 8.1 Bows
 - Level 10.0 Throwing
 - Level 1.0 Armour
 + Level 10.8(15.0) Dodging
 - Level 5.0(9.4) Stealth
 - Level 15.0 Spellcasting
 - Level 5.0(8.0) Conjurations
 - Level 5.0(8.0) Charms
 - Level 5.0(8.0) Necromancy
 - Level 5.0(7.9) Fire Magic
 - Level 12.0(14.7) Air Magic
 - Level 10.1(12.9) Evocations


You had 7 spell levels left.
You knew the following spells:

 Your Spells              Type           Power        Failure   Level  Hunger
a - Sticky Flame          Conj/Fire      #######.     1%          4    None
b - Freezing Cloud        Conj/Ice/Air   ####......   3%          6    #####..
c - Mephitic Cloud        Conj/Pois/Air  ######..     1%          3    None
s - Song of Slaying       Chrm           ######..     1%          2    None
x - Stoneskin             Trmt/Erth      ####....     1%          2    None
z - Regeneration          Chrm/Necr      ######....   1%          3    None
D - Deflect Missiles      Chrm/Air       ######....   1%          6    #####..
F - Flight                Chrm/Air       ######....   1%          3    None
H - Haste                 Chrm           ######..     2%          6    #####..
S - Silence               Hex/Air        ######....   1%          5    #......
Z - Sublimation of Blood  Necr           ######....   1%          2    None


Dungeon Overview and Level Annotations

Branches:
Dungeon (12/15)            Temple (1/1) D:7             Orc (4/4) D:11
    Elf (3/3) Orc:4          Lair (8/8) D:9          Shoals (5/5) Lair:4
  Snake (5/5) Lair:3        Slime (6/6) Lair:7

Altars:
Ashenzari
Cheibriados
Dithmenos
Elyvilon
Fedhas
Gozag
Kikubaaqudgha
Makhleb
Nemelex Xobeh
Okawaru
Qazlal
Ru
Sif Muna
Trog
Vehumet
Xom
Yredelemnul
Zin
The Shining One
Beogh
Jiyva

Shops:
D:7 =}:   Orc:1 (   Orc:3 [   Orc:4 ??%*   Elf:1 :   Elf:3 *   Shoals:3 [

Annotations:
Lair:6 exclusion: oklob plant
Slime:6 Royal Jelly


Innate Abilities, Weirdness & Mutations

You are too large for most types of armour.
You have tough skin (AC +1).
You have a pair of horns on your head.
Your body is slowly deteriorating.


Message History

Evoke which item? (* to show all) (? for menu, Esc to quit)
Zapping:
y - a wand of teleportation (6)
Press: ? - help, Shift-Dir - straight line, f - you You feel strangely unstable.
This wand has 5 charges left.
The death ooze is engulfed in freezing vapours.
The acid blob closely misses you.
The acid blob is engulfed in freezing vapours.
The acid blob jiggles.
The acid blob spits acid at you. The splash of acid hits you!
The acid corrodes your equipment!
The acid burns!
* * * LOW HITPOINT WARNING * * *
The azure jelly is engulfed in freezing vapours.
The azure jelly closely misses you. The azure jelly hits you.
* * * LOW HITPOINT WARNING * * *
The azure jelly freezes you! You resist.
* * * LOW HITPOINT WARNING * * *
The azure jelly hits you.
* * * LOW HITPOINT WARNING * * *
The azure jelly hits you.
You die...

...........................#.#
.............................##
..............................##
...............................#
...............................#
..............................###
.....##..#..#.................#.#
...#####.######..J...............
...#*∆*#..# ∆ #.@J...............
..##∆∆∆##.#∆∆∆##.JJJ.............
.##∆∆∆ #..#*∆∆∆###JJ§............
##∆∆∆∆∆#.##∆∆∆∆∆ #JJ§............
#*∆∆∆∆*#..# ∆∆∆∆ #§§J............
#**∆∆ ∆##.#∆*∆∆* #JJJ............
########..#########(.............
#...#........#...#..(............
..#...#.._.#...#....(............


You could see the royal jelly (inner flame), 5 acid blobs, 2 azure jellies and 4
death oozes.

Vanquished Creatures
  Vashnia (Snake:3)
  24 acid blobs
  Asterion (Snake:5)
  A deep elf blademaster (Elf:3)
  Polyphemus (Shoals:2)
  Rupert (Snake:3)
  Roxanne (Shoals:2)
  13 azure jellies
  Ilsuiw (Shoals:5)
  10 greater nagas
  Donald (Elf:3)
  A frost giant (IceCv)
  6 deep elf sorcerers (Elf:3)
  Aizul (Snake:3)
  An orc warlord (Bailey)
  4 deep elf demonologists
  The ghost of ztt the Cleaver, a powerful VSBe of Trog (Shoals:3)
  8 deep elf annihilators (Elf:3)
  7 death oozes (Slime:6)
  3 merfolk javelineers
  7 merfolk impalers
  4 deep elf death magi (Elf:3)
  2 deep elf high priests (Elf:3)
  Josephine (D:12)
  A minotaur (Lab)
  3 hydras
  2 great orbs of eyes (Slime:6)
  15 naga warriors
  3 anacondas
  4 merfolk avatars
  An alligator snapping turtle (Shoals:5)
  A centaur warrior (Orc:4)
  6 satyrs
  4 dancing weapons (Elf:2)
  4 merfolk aquamancers (Shoals:5)
  19 death yaks
  2 orc high priests
  2 tengu warriors (D:10)
  Urug (D:12)
  16 naga sharpshooters
  4 catoblepae
  6 shock serpents
  11 sea snakes
  19 deep elf knights
  4 salamander mystics (Snake:5)
  An orb spider (shapeshifter) (Elf:1)
  15 deep elf summoners
  5 hill giants
  Erolcha (Orc:4)
  3 orc knights
  6 deep elf conjurers
  6 fauns (Shoals:3)
  3 lindwurms
  11 harpies
  A giant orange brain (Slime:6)
  A naga ritualist (Snake:5)
  3 ugly things
  5 mana vipers
  2 shining eyes
  10 cyclopes
  6 griffons
  11 manticores
  14 salamanders
  A wolf spider (Lair:4)
  12 elephants
  8 water nymphs
  7 sirens
  3 guardian serpents
  An eye of devastation (Lair:7)
  20 black mambas
  19 naga magi
  Joseph (D:8)
  4 komodo dragons
  9 spiny frogs
  A kobold demonologist (D:12)
  A komodo dragon (shapeshifter) (Elf:1)
  14 deep elf priests
  5 trolls
  2 fire drakes
  Grinder (D:6)
  A queen bee (shapeshifter) (Elf:3)
  30 merfolk
  Sonja (D:12)
  53 slime creatures
  14 polar bears (IceCv)
  A raven (D:10)
  A two-headed ogre (D:9)
  3 wind drakes
  6 snapping turtles
  2 basilisks
  15 blink frogs
  17 water elementals
  A human (D:8)
  A shadow (D:11)
  2 wyverns
  28 deep elf magi
  37 yaks
  Eustachio (D:6)
  A golden eye (Slime:6)
  2 hill giant zombies (D:12)
  Grum (Orc:2)
  26 deep elf fighters
  17 wolves
  2 hungry ghosts
  A soldier ant (D:12)
  Edmund (D:8)
  15 hippogriffs
  76 nagas
  A steam dragon (D:11)
  28 water moccasins
  6 wargs
  10 porcupines
  4 phantoms
  4 sky beasts
  57 orc warriors
  7 ice beasts
  3 black bears
  A necrophage (D:12)
  A yellow wasp (D:10)
  6 ogres
  19 centaurs
  9 crocodiles
  An orc skeleton (D:12)
  Sigmund (D:5)
  Blork the orc (D:5)
  A cyclops zombie (D:12)
  4 big kobolds
  18 giant frogs
  4 scorpions
  A hippogriff zombie (D:10)
  4 eyes of draining
  6 electric eels
  4 crimson imps
  3 hounds
  2 centaur zombies
  17 orc priests
  24 jellies
  An elf zombie (D:9)
  A quasit (D:10)
  14 two-headed ogre zombies (Orc:4)
  24 orc wizards
  6 iguanas
  18 sheep
  2 giant frog skeletons (D:12)
  9 worker ants
  3 orange rats
  Ijyb (D:6)
  Jessica (D:3)
  A mottled dragon skeleton (D:12)
  A hound zombie (D:8)
  8 mummies (Ossuary)
  29 adders
  91 green rats
  9 gnolls (Bailey)
  2 shadow imps (D:9)
  13 white imps
  3 worms
  5 giant geckos
  An ooze (D:1)
  190 orcs
  2 ball pythons
  9 giant cockroaches
  34 hobgoblins
  8 jackals
  11 quokkas
  10 bats
  A giant gecko skeleton (D:5)
  3 giant newts
  A giant spore (D:10)
  2 gnoll zombies (Ossuary)
  38 goblins
  A hobgoblin zombie (Ossuary)
  A jackal zombie (D:8)
  29 kobolds
  3 kobold zombies (Ossuary)
  3 orc zombies
  18 rats
  A rat skeleton (D:4)
  9 ballistomycetes
  6 crawling corpses
  4 plants
1672 creatures vanquished.

Vanquished Creatures (others)
  A merfolk javelineer (Shoals:5)
  4 drowned souls
  A polar bear (IceCv)
  A wolf (IceCv)
  A lost soul (Elf:3)
  A hobgoblin (D:11)
  2 giant spores
  A kobold (D:10)
  3 fungi (Lair:8)
  4 plants
  10 toadstools (Lair:7)
29 creatures vanquished.

Grand Total: 1701 creatures vanquished

Notes
Turn   | Place    | Note
--------------------------------------------------------------
     0 | D:1      | Surt, the Ogre Fire Elementalist, began the quest for the Orb.
     0 | D:1      | Reached XP level 1. HP: 16/16 MP: 3/3
     0 | D:1      | welcome
    10 | D:1      | what a lucky find
    10 | D:1      | how suits you!
    97 | D:1      | Reached skill level 1 in Fighting
   124 | D:1      | Reached XP level 2. HP: 25/27 MP: 3/5
   474 | D:2      | Reached skill level 1 in Maces & Flails
   474 | D:2      | Reached XP level 3. HP: 28/35 MP: 1/6
   475 | D:2      | that was lucky
   661 | D:2      | Reached XP level 4. HP: 28/42 MP: 1/8
   667 | D:2      | Learned a level 4 spell: Sticky Flame
   809 | D:2      | Found a snail-covered altar of Cheibriados.
   816 | D:2      | Learned a level 3 spell: Conjure Flame
   833 | D:2      | Reached skill level 3 in Spellcasting
   895 | D:2      | Reached skill level 1 in Conjurations
  1112 | D:3      | gosh, orc priest
  1239 | D:3      | Reached XP level 5. HP: 26/50 MP: 7/11
  1273 | D:3      | Noticed Jessica
  1278 | D:3      | Killed Jessica
  1748 | D:4      | Noticed a phantom
  1763 | D:4      | Found a radiant altar of Vehumet.
  1764 | D:4      | Found an ancient bone altar of Kikubaaqudgha.
  1941 | D:4      | Killed a phantom
  1941 | D:4      | Reached XP level 6. HP: 23/61 MP: 7/13
  2027 | D:4      | Noticed a phantom
  2201 | D:4      | Killed a phantom
  2226 | D:4      | Noticed an ogre
  2234 | D:4      | Killed an ogre
  2234 | D:4      | Reached skill level 4 in Spellcasting
  2234 | D:4      | Reached XP level 7. HP: 48/68 MP: 3/17
  2358 | D:4      | a book!
  2454 | D:4      | a rod!!!
  2478 | D:4      | Identified a -2 rod of striking (14/14) (You found it on level 4 of the Dungeon)
  2479 | D:4      | well, could be better
  2530 | D:4      | Found a sacrificial altar of Ru.
  2706 | D:5      | Entered Level 5 of the Dungeon
  2709 | D:5      | Found a sparkling altar of Nemelex Xobeh.
  2710 | D:5      | Found an opulent altar of Gozag.
  2710 | D:5      | Noticed Sigmund
  2804 | D:5      | Found a sand-covered staircase.
  2814 | Ossuary  | Entered an ossuary
  2963 | Ossuary  | best Ossuary version
  3246 | D:5      | WOW!
  3260 | D:5      | Noticed Blork the orc
  3283 | D:6      | Noticed Ijyb
  3351 | D:6      | Killed Ijyb
  3629 | D:6      | Reached XP level 8. HP: 62/79 MP: 12/19
  3721 | D:6      | Reached skill level 1 in Throwing
  3832 | D:6      | Reached skill level 5 in Spellcasting
  4132 | D:7      | what a beautiful armour!!!
  4154 | D:7      | now you can easily do it to the Lair
  4162 | D:7      | Found a staircase to the Ecumenical Temple.
  4178 | Temple   | Entered the Ecumenical Temple
  4223 | Temple   | Became a worshipper of Ashenzari the Shackled
  4247 | D:7      | a book!
  4258 | D:7      | Learned a level 2 spell: Stoneskin
  4299 | D:7      | Noticed Eustachio
  4304 | D:6      | Noticed Grinder
  4580 | D:5      | Killed Sigmund
  4777 | D:5      | Killed Blork the orc
  4930 | D:6      | Killed Grinder
  4930 | D:6      | Reached skill level 6 in Spellcasting
  5129 | D:6      | Killed Eustachio
  5129 | D:6      | Reached XP level 9. HP: 54/85 MP: 23/23
  5206 | D:7      | Found Pragh's Book Boutique.
  5294 | D:7      | Found a snail-covered altar of Cheibriados.
  5449 | D:7      | fuck!!!
  5669 | D:7      | Found Ifiux's Jewellery Shoppe.
  5672 | D:7      | multiple shops on this level
  5709 | D:7      | Reached skill level 5 in Maces & Flails
  5723 | D:7      | Found Hicaimegoxt's Gadget Boutique.
  6099 | D:8      | Reached skill level 5 in Fire Magic
  6226 | D:8      | Noticed Joseph
  6249 | D:8      | Killed Joseph
  6249 | D:8      | Reached skill level 7 in Spellcasting
  6301 | D:8      | Reached skill level 5 in Throwing
  6497 | D:8      | Reached XP level 10. HP: 94/94 MP: 13/25
  6539 | D:8      | Found a white marble altar of Elyvilon.
  6539 | D:8      | Found a glowing silver altar of Zin.
  6539 | D:8      | Found a glowing golden altar of the Shining One.
  6617 | D:8      | Noticed Edmund
  6635 | D:8      | Killed Edmund
  6760 | D:9      | oh gosh...
  6762 | D:9      | Found a stormy altar of Qazlal.
  6762 | D:9      | Found a blossoming altar of Fedhas.
  6827 | D:9      | Reached skill level 8 in Maces & Flails
  6930 | D:9      | Found a flagged portal.
  6939 | Bailey   | Entered a bailey
  7239 | Bailey   | Noticed an orc knight
  7289 | Bailey   | Killed an orc knight
  7289 | Bailey   | Reached skill level 9 in Maces & Flails
  7713 | Bailey   | Noticed an orc warlord
  7782 | Bailey   | Noticed an orc knight
  7824 | Bailey   | Killed an orc knight
  7865 | Bailey   | Identified a +3 rod of striking (12/12) (You took it off a gnoll in a bailey)
  7972 | Bailey   | Killed an orc warlord
  7972 | Bailey   | Reached skill level 10 in Maces & Flails
  7972 | Bailey   | Reached skill level 5 in Conjurations
  7972 | Bailey   | Reached XP level 11. HP: 69/101 MP: 21/28
  8094 | Bailey   | Identified a scroll of acquirement
  8203 | D:9      | Found a staircase to the Lair.
  8287 | D:9      | are you kidding me?
  8287 | D:9      | that was absolutely insane!
  8287 | D:9      | You fall through a shaft!
  8287 | D:10     | Entered Level 10 of the Dungeon
  8358 | D:10     | Noticed a hill giant
  8499 | D:10     | Noticed a tengu warrior
  8499 | D:10     | Noticed a tengu warrior
  8597 | D:10     | Reached skill level 11 in Maces & Flails
  8604 | D:10     | Noticed a hill giant
  8932 | D:9      | where are you?
  8941 | D:9      | here you are!
  9037 | D:10     | Killed a tengu warrior
  9048 | D:10     | Killed a tengu warrior
  9048 | D:10     | Reached skill level 5 in Dodging
  9078 | D:10     | Noticed a hill giant
  9125 | D:10     | Killed a hill giant
  9215 | D:10     | Killed a hill giant
  9304 | D:10     | Reached skill level 12 in Maces & Flails
  9496 | D:11     | Noticed a hill giant
  9505 | D:11     | Killed a hill giant
  9521 | D:11     | Acquired Ashenzari's first power
  9525 | D:11     | not even a single ? of remove curse
  9611 | D:11     | Reached XP level 12. HP: 104/110 MP: 24/29
  9730 | D:11     | Noticed a hill giant
  9750 | D:11     | Killed a hill giant
  9750 | D:11     | Reached skill level 5 in Fighting
  9750 | D:11     | Reached skill level 1 in Evocations
 10029 | D:11     | Found a staircase to the Orcish Mines.
 10049 | D:11     | Noticed a four-headed hydra
 10085 | D:11     | Killed a four-headed hydra
 10325 | D:12     | Noticed Josephine
 10347 | D:12     | Killed Josephine
 10468 | D:12     | Noticed Urug
 10487 | D:12     | Killed Urug
 10512 | D:12     | Identified the cursed +1 leather armour of Zappint {Str-4 Int-4}
 10512 | D:12     | Identified the cursed +1 leather armour "Fimpun" {Int+2 Slay+4} (You found it on level 8 of the Dungeon)
 10944 | D:12     | Reached skill level 13 in Maces & Flails
 10963 | D:12     | forgot how hard these things hit
 11010 | D:12     | Reached skill level 10 in Spellcasting
 11258 | D:12     | Noticed Sonja
 11286 | D:12     | Killed Sonja
 11387 | D:12     | Reached skill level 5 in Stealth
 11538 | Orc:1    | Entered Level 1 of the Orcish Mines
 11570 | Orc:1    | Found Cuadaac's Weapon Emporium.
 11698 | Orc:2    | Noticed Grum
 11712 | Orc:2    | Killed Grum
 12119 | Orc:1    | Reached XP level 13. HP: 106/124 MP: 8/31
 12218 | Orc:1    | Learned a level 3 spell: Inner Flame
 12385 | Orc:1    | Reached skill level 14 in Maces & Flails
 12460 | Orc:1    | Found a roughly hewn altar of Beogh.
 13002 | Orc:3    | Acquired Ashenzari's second power
 13204 | Orc:3    | Found Bavinem's Antique Armour Boutique.
 13552 | Orc:4    | Entered Level 4 of the Orcish Mines
 13552 | Orc:4    | Found a staircase to the Elven Halls.
 13959 | Orc:4    | wouldn't suppose this is so short
 14355 | Orc:4    | Found Maoqar's Food Boutique.
 14355 | Orc:4    | Found Mulapsa's Magic Scroll Shoppe.
 14569 | Orc:4    | Found Xitov's Magic Scroll Emporium.
 14572 | Orc:4    | Found Poimeora's General Store.
 14829 | Orc:4    | Reached skill level 5 in Evocations
 14938 | Orc:4    | Noticed Erolcha
 15029 | Orc:4    | Killed Erolcha
 15310 | Orc:4    | Bought a potion of curing for 34 gold pieces
 15310 | Orc:4    | Bought a scroll of magic mapping for 59 gold pieces
 15310 | Orc:4    | Bought 2 scrolls of identify for 68 gold pieces
 15314 | Orc:4    | Bought a scroll of blinking for 90 gold pieces
 15314 | Orc:4    | Bought a scroll of blinking for 90 gold pieces
 15319 | Orc:4    | Bought a scroll of identify for 30 gold pieces
 15319 | Orc:4    | Bought a scroll of identify for 30 gold pieces
 15560 | Lair:1   | Entered Level 1 of the Lair of Beasts
 15637 | Lair:1   | Found a frozen archway.
 15674 | IceCv    | Entered an ice cave
 15962 | IceCv    | Reached skill level 15 in Maces & Flails
 16245 | IceCv    | there are some DRAGONS here
 16271 | IceCv    | Noticed a frost giant
 16272 | IceCv    | nope
 16306 | IceCv    | Killed a frost giant
 16333 | IceCv    | Reached XP level 14. HP: 55/140 MP: 17/32
 16901 | Lair:1   | Learned a level 3 spell: Mephitic Cloud
 16917 | Lair:1   | and you wanted to buy these two...
 17258 | Lair:2   | Reached skill level 10 in Throwing
 17290 | Lair:2   | Reached skill level 1 in Air Magic
 17728 | Lair:3   | Found a staircase to the Snake Pit.
 18256 | Lair:4   | Reached skill level 16 in Maces & Flails
 18336 | Lair:4   | Acquired Ashenzari's third power
 18352 | Lair:4   | Found a staircase to the Shoals.
 18400 | Lair:4   | nice!
 19379 | Lair:6   | Reached skill level 10 in Fighting
 19933 | Lair:7   | lab!
 19955 | Lair:7   | Identified the cursed -4 ring mail of the Volcano {Str-3 Int+2}
 19987 | Lair:7   | Found a labyrinth entrance.
 20000 | Lair:7   | love them, don't you?
 20002 | Lab      | Entered a labyrinth
 20201 | Lab      | bad way
 20662 | Lab      | nothing
 21023 | Lair:7   | Found a staircase to the Slime Pits.
 21436 | Lair:7   | Identified the Tome of Twisted Earth
 21531 | Lair:8   | Entered Level 8 of the Lair of Beasts
 21554 | Lair:8   | Reached XP level 15. HP: 106/149 MP: 29/33
 21568 | Lair:8   | Reached skill level 5 in Air Magic
 21947 | Lair:8   | Found a basalt altar of Yredelemnul.
 21962 | Lair:8   | Identified the amulet of Graefacao {Clar rC++ Dex+1 Int-1 Slay+3}
 21971 | Lair:8   | pretty good
 22810 | Shoals:1 | Entered Level 1 of the Shoals
 22811 | Shoals:1 | baazar!!!
 22849 | Shoals:1 | Found a flickering gateway to a bazaar.
 22865 | Shoals:1 | you have some cash
 22865 | Shoals:1 | time for shopping
 22869 | Bazaar   | Entered a bazaar
 22869 | Bazaar   | Found Ostrazeg's Food Boutique.
 22869 | Bazaar   | Found Deyrodamp's General Store.
 22869 | Bazaar   | Found Schapolat's Distillery.
 22869 | Bazaar   | Found Chakhev's Magic Scroll Shop.
 22869 | Bazaar   | Found Shes' Antique Weapon Boutique.
 22873 | Bazaar   | Acquired Ashenzari's fourth power
 22888 | Bazaar   | oh, well
 22890 | Bazaar   | Bought a potion of curing for 24 gold pieces
 22890 | Bazaar   | Bought a potion of curing for 24 gold pieces
 22895 | Bazaar   | Bought a scroll of enchant armour for 75 gold pieces
 22895 | Bazaar   | Bought 2 scrolls of identify for 40 gold pieces
 22895 | Bazaar   | Bought a scroll of recharging for 95 gold pieces
 22902 | Bazaar   | Bought a potion of heal wounds for 27 gold pieces
 22902 | Bazaar   | Bought a potion of beneficial mutation for 315 gold pieces
 22904 | Bazaar   | Gained mutation: You have a pair of small horns on your head. [potion of beneficial mutation]
 22905 | Bazaar   | fucking horns
 22906 | Bazaar   | Bought a potion of agility for 22 gold pieces
 22906 | Bazaar   | Bought a potion of curing for 18 gold pieces
 22906 | Bazaar   | Bought 2 potions of magic for 99 gold pieces
 22906 | Bazaar   | Bought a potion of haste for 63 gold pieces
 22906 | Bazaar   | Bought a potion of brilliance for 22 gold pieces
 22906 | Bazaar   | Bought a potion of invisibility for 49 gold pieces
 22906 | Bazaar   | Bought a potion of invisibility for 49 gold pieces
 22914 | Bazaar   | Bought a scroll of teleportation for 30 gold pieces
 22914 | Bazaar   | Bought a scroll of identify for 20 gold pieces
 22914 | Bazaar   | Bought a scroll of identify for 20 gold pieces
 22914 | Bazaar   | Bought a scroll of silence for 75 gold pieces
 22914 | Bazaar   | Bought a scroll of enchant weapon for 75 gold pieces
 22914 | Bazaar   | Bought a scroll of magic mapping for 35 gold pieces
 22958 | Shoals:1 | Learned a level 1 spell: Animate Skeleton
 23372 | Lair:2   | Learned a level 3 spell: Flight
 23379 | Lair:2   | Learned a level 6 spell: Freezing Cloud
 23561 | D:7      | Bought the ring "Smuotz Otul" {Fire rPois Dex+2} for 565 gold pieces
 23660 | D:7      | Bought a book of Enchantments for 600 gold pieces
 23667 | D:7      | Learned a level 5 spell: Silence
 23674 | D:7      | Learned a level 6 spell: Deflect Missiles
 23922 | Elf:1    | Entered Level 1 of the Elven Halls
 24251 | Elf:1    | Identified the Handbook of Calling (You found it on level 1 of the Elven Halls)
 24431 | Elf:1    | Found Ofitacar's Book Shop.
 24438 | Elf:1    | a great book!
 24664 | Elf:2    | Reached skill level 1 in Armour
 24689 | Elf:3    | Entered Level 3 of the Elven Halls
 24804 | Elf:2    | Reached XP level 16. HP: 84/158 MP: 31/35
 24941 | Elf:2    | Found a burning altar of Makhleb.
 25057 | Elf:2    | hall of blades!
 25477 | Elf:3    | that does not look good
 25477 | Elf:3    | no use for wand of digging
 25494 | Elf:3    | Noticed Donald
 25495 | Elf:3    | WOW!
 25499 | Elf:3    | Identified a +0 rod of clouds (11/11) (You found it on level 3 of the Elven Halls)
 25507 | Elf:3    | Killed Donald
 25819 | Elf:3    | Reached skill level 10 in Air Magic
 25830 | Elf:3    | Noticed a deep elf sorcerer
 25842 | Elf:3    | Noticed a deep elf sorcerer
 25852 | Elf:3    | Killed a deep elf sorcerer
 25859 | Elf:3    | Killed a deep elf sorcerer
 26064 | Elf:3    | Found Ruirid's Assorted Antiques.
 26219 | Elf:3    | Upgraded the game from 0.16-a0-1243-g6e0463c to 0.16-a0-1276-g18860b1
 26219 | Elf:3    | welcome
 26334 | Elf:3    | Noticed a deep elf sorcerer
 26380 | Elf:3    | cast silence!!!
 26392 | Elf:3    | Killed a deep elf sorcerer
 26412 | Elf:3    | what's wrong with silence?!!!
 26461 | Elf:3    | Noticed a deep elf sorcerer
 26473 | Elf:3    | who did that?
 26482 | Elf:3    | Killed a deep elf sorcerer
 26528 | Elf:3    | Noticed a deep elf sorcerer
 26533 | Elf:3    | Killed a deep elf sorcerer
 26720 | Elf:3    | Noticed a deep elf sorcerer
 26730 | Elf:3    | Killed a deep elf sorcerer
 26730 | Elf:3    | Reached XP level 17. HP: 121/166 MP: 12/37
 27235 | Elf:3    | Noticed a deep elf blademaster
 27251 | Elf:3    | Killed a deep elf blademaster
 27251 | Elf:3    | Identified the cursed -5 chain mail of the Sun {+Rage rC+ rN+ MR+ Slay+4} (You took it off a deep elf blademaster on level 3 of the Elven Halls)
 27279 | Elf:3    | Identified the +10 plate armour "Pnoecs" {rC++ Str+2 Dex+3}
 27285 | Elf:3    | absolutely nothing
 27407 | Elf:1    | Bought a book of Battle for 720 gold pieces
 27412 | Elf:1    | Learned a level 3 spell: Regeneration
 27415 | Elf:1    | Learned a level 2 spell: Song of Slaying
 27740 | Lair:2   | hmm...
 28059 | Shoals:2 | Reached skill level 1 in Necromancy
 28110 | Shoals:2 | Noticed Polyphemus
 28151 | Shoals:3 | Found a radiant altar of Vehumet.
 28151 | Shoals:3 | Noticed ztt's ghost (powerful VSBe)
 28799 | Shoals:5 | Entered Level 5 of the Shoals
 29141 | Shoals:5 | Reached skill level 17 in Maces & Flails
 29163 | Shoals:5 | Got a barnacled rune of Zot
 29549 | Shoals:5 | Reached skill level 1 in Charms
 29610 | Shoals:5 | Noticed Ilsuiw
 29657 | Shoals:5 | Killed Ilsuiw
 29823 | Shoals:5 | Reached XP level 18. HP: 82/176 MP: 17/38
 30626 | Shoals:3 | Found an ancient bone altar of Kikubaaqudgha.
 30813 | Shoals:3 | Found Uklaur's Armour Boutique.
 30826 | Shoals:3 | armour shop!
 30831 | Shoals:3 | Bought a +0 cloak of poison resistance for 127 gold pieces
 30947 | Shoals:3 | Killed ztt's ghost
 31574 | Shoals:2 | Killed Polyphemus
 31703 | Shoals:2 | Noticed Roxanne
 31803 | Shoals:2 | Killed Roxanne
 32115 | Snake:1  | Entered Level 1 of the Snake Pit
 32372 | Snake:1  | Identified the cursed -1 robe "Smahuh" {rN+ rCorr SInv Curse}
 32374 | Snake:1  | Reached skill level 15 in Spellcasting
 32420 | Snake:1  | Gained mutation: You have a pair of horns on your head. [potion of beneficial mutation]
 32603 | Snake:2  | Reached skill level 18 in Maces & Flails
 32791 | Snake:2  | Identified the +1 leather armour "Crel" {Str+1}
 33214 | Snake:3  | Noticed Aizul
 33237 | Snake:3  | Killed Aizul
 33360 | Snake:3  | Noticed Rupert
 33382 | Snake:3  | Noticed Vashnia
 33459 | Snake:3  | Killed Vashnia
 33578 | Snake:3  | Reached skill level 5 in Necromancy
 34030 | Snake:3  | Reached XP level 19. HP: 152/189 MP: 29/39
 35088 | Snake:5  | Entered Level 5 of the Snake Pit
 35392 | Snake:5  | Reached skill level 19 in Maces & Flails
 35472 | Snake:5  | Found a shattered altar of Ashenzari.
 35481 | Snake:5  | Reached skill level 5 in Charms
 35647 | Snake:5  | Found a shadowy altar of Dithmenos.
 35729 | Snake:5  | Reached skill level 10 in Dodging
 36559 | Snake:5  | Noticed Asterion
 36596 | Snake:5  | Killed Asterion
 36769 | Snake:5  | Got a serpentine rune of Zot
 36929 | Snake:3  | where are you?
 37186 | Snake:3  | Killed Rupert
 37196 | Snake:3  | huh?
 37339 | Lair:2   | Learned a level 2 spell: Sublimation of Blood
 37346 | Lair:2   | Learned a level 6 spell: Haste
 37433 | Lair:2   | stupid thing you will do
 37569 | Slime:1  | Entered Level 1 of the Pits of Slime
 37605 | Slime:2  | Reached skill level 1 in Bows
 37884 | Slime:4  | Gained mutation: Your body is slowly deteriorating. [a shining eye]
 37890 | Slime:4  | Reached XP level 20. HP: 204/204 MP: 21/40
 37954 | Slime:6  | Entered Level 6 of the Pits of Slime
 38323 | Slime:6  | Reached skill level 5 in Bows
 38366 | Slime:6  | Reached skill level 10 in Evocations
 39128 | Slime:6  | well, ok
 39128 | Slime:6  | now what?
 39128 | Slime:6  | that will be tricky!
 39141 | Slime:6  | Found a viscous altar of Jiyva.
 39186 | Slime:6  | Noticed the royal jelly
 40113 | Slime:6  | HP: 10/203 [acid[the royal jelly] (11)]
 40118 | Slime:6  | HP: 8/203 [azure jelly[the royal jelly] (14)]
 40118 | Slime:6  | Slain by an azure jelly

Action                   |  1- 3 |  4- 6 |  7- 9 | 10-12 | 13-15 | 16-18 | 19-21 || total
-------------------------+-------+-------+-------+-------+-------+-------+-------++-------
Melee: Whip              |    46 |    95 |   301 |     7 |       |       |       ||   449
       Flail             |       |       |       |   432 |       |       |       ||   432
       Great mace        |       |       |       |   177 |  1475 |  1100 |   490 ||  3242
       Eveningstar       |       |       |       |       |       |    47 |       ||    47
 Fire: Hunting sling     |       |       |     2 |       |       |       |       ||     2
       Blowgun           |       |       |    76 |   124 |    32 |     5 |       ||   237
Throw: Javelin           |       |       |       |     1 |     8 |    18 |       ||    27
       Tomahawk          |       |       |       |       |     1 |       |       ||     1
       Large rock        |       |       |       |       |       |    87 |   477 ||   564
 Cast: Flame Tongue      |    28 |    96 |   191 |    97 |       |       |       ||   412
       Conjure Flame     |       |     1 |       |    10 |    61 |     3 |       ||    75
       Stoneskin         |       |       |     1 |       |     3 |    81 |    26 ||   111
       Sticky Flame      |       |       |     8 |   127 |   189 |   125 |    63 ||   512
       Inner Flame       |       |       |       |       |     4 |       |       ||     4
       Silence           |       |       |       |       |     2 |    24 |     9 ||    35
       Freezing Cloud    |       |       |       |       |       |    12 |    32 ||    44
       Regeneration      |       |       |       |       |       |   105 |    71 ||   176
       Flight            |       |       |       |       |       |    27 |       ||    27
       Deflect Missiles  |       |       |       |       |       |    11 |     6 ||    17
       Mephitic Cloud    |       |       |       |       |       |       |     4 ||     4
       Sublimation of Bl |       |       |       |       |       |       |    19 ||    19
Invok: Transfer Knowledg |       |       |       |       |       |       |     1 ||     1
Evoke: Wand              |       |       |     5 |     3 |    34 |    30 |    21 ||    93
       Rod               |       |       |       |       |       |    16 |     1 ||    17
  Use: Scroll            |     4 |     1 |    22 |    15 |    27 |    16 |    15 ||   100
       Potion            |     1 |     1 |     3 |     5 |    13 |    15 |    17 ||    55
 Stab: Sleeping          |     2 |       |     2 |     2 |     5 |     6 |     2 ||    19
       Invisible         |       |       |     1 |     3 |       |     7 |       ||    11
       Confused          |       |       |       |     1 |     6 |     6 |       ||    13
       Distracted        |       |       |       |     1 |     1 |       |       ||     2
  Eat: Chunk             |       |     5 |     4 |    20 |    29 |    11 |     9 ||    78
       Fruit             |       |       |     9 |     7 |    13 |     5 |       ||    34
       Beef jerky        |       |       |     2 |       |     1 |     8 |     1 ||    12
       Pizza             |       |       |     1 |     3 |     8 |     2 |       ||    14
       Royal jelly       |       |       |       |       |     2 |     1 |       ||     3
       Meat ration       |       |       |       |       |       |     5 |     4 ||     9
       Bread ration      |       |       |       |       |       |       |     2 ||     2
